 Dungeon Crawl Stone Soup version 0.17-a0-848-g7e5c6af (webtiles) character file.

370 RobertPalmer the Slicer (level 7, -1/40 HPs)
             Began as a Kobold Hunter on Apr 28, 2015.
             Slain by a slave (6 damage)
             ... led by Pikel
             ... on level 4 of the Dungeon.
             The game lasted 00:06:42 (3900 turns).

RobertPalmer the Slicer (Kobold Hunter)             Turns: 3900, Time: 00:06:42

Health: -1/40      AC:  5    Str: 11      XL:     7   Next: 2%
Magic:  0/7        EV: 14    Int: 11      God:
Gold:   129        SH:  0    Dex: 13 (16) Spells: 0 memorised, 6 levels left

rFire  . . .     SeeInvis .     a - +0 short sword
rCold  . . .     Clarity  .     d - +0 leather armour
rNeg   . . .     SustAb   .     (shield restricted)
rPois  .         Gourm    .     j - +0 helmet
rElec  .         Spirit   +     o - +0 cloak
rCorr  .         Warding  .     (no gloves)
rMut   .         Stasis   .     (no boots)
MR     .....                    s - amulet of guardian spirit {Spirit}
Stlth  ++........               (no ring)
                                (no ring)

@: not resistant to hostile enchantments, unstealthy
A: carnivore 3
a: no special abilities


You were on level 4 of the Dungeon.
You were hungry.

You visited 1 branch of the dungeon, and saw 4 of its levels.

You collected 129 gold pieces.

Inventory:

Hand weapons
 a - a +0 short sword (weapon)
 b - a +1 hand crossbow
Missiles
 c - 22 bolts
Armour
 d - a +0 leather armour (worn)
 j - a +0 helmet (worn)
   (You found it on level 1 of the Dungeon)
 o - a +0 cloak (worn)
   (You took it off Crazy Yiuf on level 2 of the Dungeon)
Jewellery
 f - an uncursed ring of ice {rC+, rF-}
   (You found it on level 1 of the Dungeon)
 s - an amulet of guardian spirit (around neck) {Spirit}
   (You found it on level 3 of the Dungeon)
Magical devices
 n - a wand of heal wounds (4)
   (You took it off Natasha on level 2 of the Dungeon)
Scrolls
 l - a scroll of magic mapping {unknown}
 t - a scroll of fear {unknown}
 u - a scroll of remove curse {unknown}
 v - a scroll of blinking {!r}
Potions
 e - a potion of restore abilities {unknown}
 h - a potion of degeneration {!q}
 i - a potion of might {unknown}
 k - a potion of flight {unknown}
 w - a potion of cure mutation {unknown}
Comestibles
 g - 2 beef jerkies
 m - 3 meat rations {@e2}
 p - a slice of pizza


   Skills:
 - Level 2.1 Fighting
 + Level 8.6 Short Blades
 - Level 4.8 Crossbows
 - Level 2.4 Dodging
 - Level 1.3 Stealth


You had 6 spell levels left.
You didn't know any spells.

Dungeon Overview and Level Annotations

Branches:
Dungeon (4/15)
 Temple: D:4-7

Altars:
Dithmenos
Elyvilon
Fedhas
Kikubaaqudgha
Nemelex Xobeh
Qazlal
Sif Muna
Trog
The Shining One

Annotations:
D:4 Pikel


Innate Abilities, Weirdness & Mutations

You are small and have problems with some larger weapons.
You are carnivorous and can eat meat at any time.


Message History

It was a scroll of blinking.
(D) Dungeon
Where to? (Enter - D:1 @ (x,y), ? - help)
Your magical contamination has completely faded away.
There is an open door here.
(D) Dungeon
Where to? (Enter - D:2, ? - help)
There is a stone staircase leading down here.
You climb downwards.
There is a stone staircase leading up here.
(D) Dungeon
Where to? (Enter - D:2, ? - help)
You see here a robe.
There is a stone staircase leading down here.
You climb downwards.
There is a stone staircase leading up here.
(D) Dungeon
Where to? (Enter - D:3, ? - help)
The giant newt is too close now for your liking.
There is a stone staircase leading down here.
You climb downwards.
Level annotation: Pikel
There is a stone staircase leading up here.
There is an escape hatch in the ceiling here.
You see here a jackal skeleton.
b - a +1 hand crossbow (weapon)
Aim: a slave, wearing an animal skin You shoot a bolt.
The bolt hits the slave.
Aim: a slave, wearing an animal skin (lightly wounded)
You shoot a bolt. The bolt closely misses the slave.
Aim: a slave, wearing an animal skin (lightly wounded)
You shoot a bolt. The bolt hits the slave!
Aim: a slave, wearing an animal skin (moderately wounded)
You shoot a bolt. The bolt closely misses the slave.
The slave closely misses you.
a - a +0 short sword (weapon)
You hit the slave. The slave barely misses you.
The slave shouts!
You hit the slave. The slave misses you.
You hit the slave. You closely miss the slave. The slave hits you.
You take 2 damage, and have 38/40 hp.
You now have 6/7 mp.
You hit the slave but do no damage. The slave hits you.
You take 3 damage, and have 35/40 hp.
You hit the slave. You hit the slave but do no damage.
The slave barely misses you.
You hit the slave. The slave barely misses you.
You barely miss the slave. You barely miss the slave. The slave hits you.
You take 4 damage, and have 31/40 hp.
You hit the slave. The slave hits you but does no damage.
You hit the slave but do no damage. You closely miss the slave.
The slave misses you.
You hit the slave but do no damage. The slave hits you! The slave hits you.
You take 9 damage, and have 22/40 hp.
MASSIVE DAMAGE!!
You now have 5/7 mp.
The slave hits you.
You take 3 damage, and have 19/40 hp.
You now have 4/7 mp.
The slave hits you!
* * * LOW HITPOINT WARNING * * *
You see here a bolt.
You take 7 damage, and have 12/40 hp.
You now have 3/7 mp.
You see here a bolt.
There is an escape hatch in the ceiling here.
Things that are here:
a bolt; a jackal skeleton You closely miss the slave.
The slave hits you.
* * * LOW HITPOINT WARNING * * *
You take 4 damage, and have 8/40 hp.
You now have 2/7 mp.
You hit the slave. The slave hits you but does no damage.
You hit the slave.
You kill the slave!
That felt strangely unrewarding.
The slave hits you.
* * * LOW HITPOINT WARNING * * *
You take 1 damage, and have 7/40 hp.
You now have 1/7 mp.
You barely miss the slave. The slave hits you.
* * * LOW HITPOINT WARNING * * *
You take 2 damage, and have 5/40 hp.
You closely miss the slave. You hit the slave. The slave misses you.
You hit the slave but do no damage. You closely miss the slave.
The slave barely misses you.
You hit the slave but do no damage. The slave closely misses you.
You closely miss the slave. The slave hits you.
* * * LOW HITPOINT WARNING * * *
You take 2 damage, and have 4/40 hp.
You hit the slave but do no damage. You hit the slave.
The slave closely misses you.
You hit the slave but do no damage. The slave closely misses you.
You hit the slave. You hit the slave. The slave barely misses you.
You barely miss the slave. The slave misses you.
You hit the slave. You barely miss the slave. The slave barely misses you.
You hit the slave. The slave hits you but does no damage.
You hit the slave but do no damage.
You are feeling hungry.
You hit the slave but do no damage. The slave hits you!
You die...

##... ..... >.### ###
####################
.##............[...##
............((.p@.<.##
.##.............รทรท...##
########......#####...###
######## ####..## ##..##
##..# ##p# #o# ##.#


You could see a slave.

Vanquished Creatures
  Sigmund (D:2)
  A slave (D:4)
  An orc wizard (D:3)
  Crazy Yiuf (D:2)
  Natasha (thrice) (D:2)
  2 adders (D:3)
  2 oozes
  A worm (D:3)
  2 giant geckos
  9 orcs
  3 giant cockroaches
  7 hobgoblins
  8 jackals
  2 kobolds (D:2)
  3 quokkas
  A ball python (D:1)
  12 bats
  4 giant newts
  13 goblins
  6 rats
82 creatures vanquished.

Notes
Turn   | Place    | Note
--------------------------------------------------------------
     0 | D:1      | RobertPalmer, the Kobold Hunter, began the quest for the Orb.
     0 | D:1      | Reached XP level 1. HP: 12/12 MP: 1/1
    48 | D:1      | Reached skill level 1 in Short Blades
   216 | D:1      | Reached skill level 2 in Short Blades
   216 | D:1      | Reached XP level 2. HP: 17/17 MP: 2/2
   448 | D:1      | Reached skill level 3 in Short Blades
   659 | D:1      | Reached XP level 3. HP: 21/21 MP: 3/3
  1200 | D:2      | Noticed Natasha
  1205 | D:2      | Killed Natasha
  1205 | D:2      | Reached skill level 4 in Short Blades
  1205 | D:2      | Reached XP level 4. HP: 11/26 MP: 4/4
  1547 | D:2      | Noticed Natasha
  1554 | D:2      | Killed Natasha
  1554 | D:2      | Reached skill level 5 in Short Blades
  1558 | D:2      | Noticed Natasha
  1560 | D:2      | Killed Natasha
  1573 | D:2      | Noticed Sigmund
  1796 | D:2      | HP: 6/26 [Sigmund/scythe (11)]
  1797 | D:2      | Killed Sigmund
  1797 | D:2      | Reached skill level 7 in Short Blades
  1797 | D:2      | Reached XP level 5. HP: 6/30 MP: 5/5
  1797 | D:2      | Reached XP level 6. HP: 7/35 MP: 6/6
  2207 | D:2      | Found a sparkling altar of Nemelex Xobeh.
  2251 | D:2      | Noticed Crazy Yiuf
  2264 | D:2      | Killed Crazy Yiuf
  2608 | D:3      | Reached skill level 8 in Short Blades
  3251 | D:3      | Found a white marble altar of Elyvilon.
  3260 | D:3      | Found a shadowy altar of Dithmenos.
  3262 | D:3      | Found an ancient bone altar of Kikubaaqudgha.
  3264 | D:3      | Found a bloodstained altar of Trog.
  3265 | D:3      | Found a blossoming altar of Fedhas.
  3266 | D:3      | Found a deep blue altar of Sif Muna.
  3269 | D:3      | Found a glowing golden altar of the Shining One.
  3270 | D:3      | Found a stormy altar of Qazlal.
  3367 | D:4      | HP: 8/35 [orc (3)]
  3518 | D:3      | Reached XP level 7. HP: 33/40 MP: 7/7
  3643 | D:4      | Noticed a slave
  3644 | D:4      | Noticed a slave
  3645 | D:4      | Noticed Pikel
  3645 | D:4      | Noticed a slave
  3880 | D:4      | HP: 8/40 [slave[Pikel] (4)]
  3882 | D:4      | Killed a slave
  3889 | D:4      | HP: 4/40 [slave[Pikel] (2)]
  3900 | D:4      | Slain by a slave

Action                   |  1- 3 |  4- 6 |  7- 9 || total
-------------------------+-------+-------+-------++-------
Melee: Short sword       |    98 |   134 |    66 ||   298
 Fire: Hand crossbow     |     4 |    42 |     4 ||    50
  Use: Scroll            |       |     3 |     2 ||     5
       Potion            |       |     4 |       ||     4
 Stab: Sleeping          |     1 |     1 |       ||     2
  Eat: Chunk             |     1 |       |     2 ||     3
       Meat ration       |     1 |       |       ||     1

Vault maps used:
D:1:      minmay_arrival_up_and_down, minmay_misc_feat_room
D:2:      first_bread, grunt_decor_resistance, nemelex_dance_club_becter,
          uniq_sigmund, uniq_crazy_yiuf_cottage, uniq_natasha
D:3:      minitemple
D:4:      st_stairs_7, uniq_pikel

Table legend:
 A = Turns spent in this place as a percentage of turns spent in the entire game.
 B = Non-inter-level travel turns spent in this place as a percentage of non-inter-level travel turns spent in the entire game.
 C = Inter-level travel turns spent in this place as a percentage of turns spent in this place.
 D = Turns resting spent in this place as a percentage of non-inter-level travel turns spent in this place.
 E = Turns spent auto-exploring this place as a percentage of non-inter-level travel turns spent in this place.
 F = Non-inter-level travel turns spent in this place divided by the number of levels of this place that you've seen.
                   A       B       C       D       E      F
               +-------+-------+-------+-------+-------+----------------------
         Total | 100.0 | 100.0 |   1.1 |   2.1 |   8.3 | 280.0
       Dungeon | 100.0 | 100.0 |   1.1 |   2.1 |   8.3 | 280.0
               +-------+-------+-------+-------+-------+----------------------

Table legend:
 A = Kills in this place as a percentage of kills in entire the game.
 B = Kills by you in this place as a percentage of kills by you in the entire game.
 C = Kills by friends in this place as a percentage of kills by friends in the entire game.
 D = Other kills in this place as a percentage of other kills in the entire game.
 E = Experience gained in this place as a percentage of experience gained in the entire game.
 F = Experience gained in this place divided by the number of levels of this place that you have seen.
                   A       B       C       D       E      F
               +-------+-------+-------+-------+-------+----------------------
         Total | 100.0 | 100.0 |  -nan |  -nan | 100.0 | 132.2
       Dungeon | 100.0 | 100.0 |  -nan |  -nan | 100.0 | 132.2
               +-------+-------+-------+-------+-------+----------------------
